 Dungeon Crawl Stone Soup version 0.27-a0-29-g2d0a2396b0 (webtiles) character file.

Game seed: 353008401946702716

2147 hehateme the Vexing (level 9, -1/54 HPs)
             Began as a Kobold Enchanter on Jan 4, 2021.
             Was a Follower of Sif Muna.
             Slain by a wyvern (16 damage)
             ... on level 8 of the Dungeon.
             The game lasted 00:26:05 (14143 turns).

hehateme the Vexing (Kobold Enchanter)             Turns: 14143, Time: 00:26:06

Health: -1/54      AC:  2    Str:  6    XL:     9   Next: 56%
Magic:  2/12       EV: 15    Int: 18    God:    Sif Muna [*.....]
Gold:   362        SH:  0    Dex: 16    Spells: 3/12 levels left

rFire    . . .     SeeInvis .   a - +1 dagger
rCold    . . .     Faith    .   (shield restricted)
rNeg     . . .     Spirit   .   b - +0 robe
rPois    .         Reflect  .   (no helmet)
rElec    .         Harm     .   (no cloak)
rCorr    .         Rampage  .   (no gloves)
Will     .....                  (no boots)
Stlth    ++++......             (no amulet)
HPRegen  0.18/turn              (no ring)
MPRegen  0.13/turn              (no ring)

@: confusing touch
A: small, nightstalker 3
a: Renounce Religion, Channel Magic


You were on level 8 of the Dungeon.
You worshipped Sif Muna.
Sif Muna was aware of your devotion.
You visited 2 branches of the dungeon, and saw 9 of its levels.

You collected 362 gold pieces.

Inventory:

Hand Weapons
 a - a +1 dagger (weapon)
 K - the +5 war axe of Ida Puerph {antimagic, Will+ Str+5, unknown}
   (You found it on level 5 of the Dungeon)

   It reduces the magical energy of the wielder, and disrupts the spells and
   magical abilities of those hit.
   Natural abilities and divine invocations are not affected.
   It affects your strength (+5).
   It affects your willpower, your defense against some magical effects.
Missiles
 c - 6 silver javelins
 m - 215 stones
 o - 105 arrows
 q - 4 atropa-tipped darts
 s - 33 poisoned darts (quivered)
 t - 116 sling bullets
 A - 72 bolts
 C - 3 boomerangs
Armour
 b - a +0 robe (worn)
 k - a cursed +0 helmet
 r - a +1 pair of boots
 I - a scarf of harm
Jewellery
 h - a +6 ring of dexterity
 u - an uncursed ring of ice {unknown}
 w - a +6 ring of dexterity
 E - an uncursed ring of wizardry {unknown}
 M - a +6 ring of intelligence
 O - an uncursed ring of ice {unknown}
 P - a +6 ring of intelligence
 Q - an uncursed amulet of faith {unknown}
Wands
 H - a wand of enslavement (5)
 L - a wand of acid (12)
Scrolls
 d - 3 scrolls of remove curse
 e - 4 scrolls of fear {unknown}
 f - 2 scrolls of teleportation {unknown}
 i - a scroll of identify
 l - a scroll of fog {unknown}
 v - a scroll of immolation {!r}
 x - a scroll of magic mapping {unknown}
 y - 3 scrolls of enchant weapon {unknown}
 F - a scroll of amnesia {unknown}
Potions
 g - 3 potions of lignification {!q}
 j - a potion of ambrosia {unknown}
 n - a potion of might {unknown}
 p - 2 potions of mutation {unknown}
 z - 2 potions of heal wounds
 B - 2 potions of flight
 D - 3 potions of curing
 G - 2 potions of brilliance {unknown}
 J - a potion of magic {unknown}
 N - a potion of haste {unknown}


   Skills:
 + Level 5.5 Fighting
 - Level 3.6 Short Blades
 + Level 2.2 Armour
 - Level 2.4 Dodging
 - Level 4.0 Stealth
 - Level 2.1 Spellcasting
 - Level 6.9 Hexes
 * Level 4.2 Necromancy
 - Level 6.2 Ice Magic


You had 3 spell levels left.
You knew the following spells:

 Your Spells              Type           Power        Failure   Level
a - Ensorcelled Hibernat  Hex/Ice        50%          1%          2
b - Confusing Touch       Hex            27%          3%          3
c - Tukima's Dance        Hex            27%          3%          3
v - Corona                Hex            30%          1%          1

Your spell library contained the following spells:

 Spells                   Type           Power        Failure   Level
 Sublimation of Blood     Necr           8%           4%          2
 Corpse Rot               Necr/Air       N/A          11%         2
 Dazzling Flash           Conj/Hex       28%          13%         3
 Dispel Undead            Necr           17%          30%         4
 Agony                    Necr           17%          65%         5
 Excruciating Wounds      Necr           8%           65%         5


Dungeon Overview and Level Annotations

Branches:
Dungeon (8/15)             Temple (1/1) D:5            Lair (0/6) D:8

Altars:
Ashenzari
Cheibriados
Dithmenos
Hepliaklqana
Kikubaaqudgha
Makhleb
Nemelex Xobeh
Qazlal
Ru
Sif Muna
Uskayaw
Vehumet
Wu Jian
Yredelemnul
Zin
The Shining One

Annotations:
D:4 exclusion: 3 orcs
D:5 exclusions: door, ogre and orc
D:6 exclusion: downstairs
D:7 exclusions: downstairs, ogre, orc, orc priest, orc warrior and orc wizard
D:8 exclusions: killer bee, two-headed ogre and 4 more exclusions


Innate Abilities, Weirdness & Mutations

You are small and have problems with some larger weapons.
You are completely attuned to the shadows.


Message History

Aim: a wyvern (wandering, hasn't noticed you, chance to affect: 54%)
The wyvern hisses angrily.
The wyvern looks drowsy...
You now have 4/12 mp.
You see here a black bear corpse.
The helpless wyvern fails to defend itself.
You impale the wyvern!! The wyvern barely misses you.
The wyvern closely misses you.
You hit the wyvern. The wyvern barely misses you.
You hit the wyvern but do no damage. The wyvern barely misses you.
You hit the wyvern but do no damage. The wyvern bites you!!
You take 19 damage, and have 29/54 hp.
GAME OVER YEAH!!
Your hands begin to glow red.
* * * LOW MAGIC WARNING * * *
The wyvern bites you!
* * * LOW HITPOINT WARNING * * *
The wyvern hisses menacingly.
The wyvern bites you!
You die...

##..............# #..........#
#........##....####..........#
....####........l.............#
....# ##.###...####..........#
....# #.# #.................#
...y# #.# ##..........#######
##.# #............#
#..###...l........#
#...##...@).....#.#
###.##...><.....#.#
#.............###
###..........## ##..........#
#..........# #..........#
#..........# #..........#

Skill      XL: |  1  2  3  4  5  6  7  8  9 |
---------------+----------------------------+-----
Ice Magic      | 1 2 3 4 5 6 |  6.2
Fighting       | 1 2 3 4 5 |  5.5
Hexes          | 4 5 6 |  6.9
Short Blades   | 2 3 |  3.6
Necromancy     | 4 |  4.2
Armour         | 2 |  2.2
Dodging        | |  2.4
Stealth        | |  4.0
Spellcasting   | |  2.1

Notes
Turn   | Place    | Note
-------+----------+-------------------------------------------
     0 | D:1      | hehateme the Kobold Enchanter began the quest for the Orb.
     0 | D:1      | Reached XP level 1. HP: 10/10 MP: 3/3
    52 | D:1      | HP: 1/10 [leopard gecko (4)]
   341 | D:1      | Reached XP level 2. HP: 16/16 MP: 5/5
   354 | D:1      | Learned a level 2 spell: Ensorcelled Hibernation
   444 | D:1      | Reached skill level 1 in Ice Magic
   660 | D:1      | Reached XP level 3. HP: 17/20 MP: 6/6
   710 | D:1      | Reached skill level 1 in Fighting
   790 | D:1      | HP: 3/20 [ooze (3)]
  1916 | D:2      | Found a burning altar of Makhleb.
  1920 | D:2      | Noticed a green death
  1921 | D:2      | Found a glowing silver altar of Zin.
  2045 | D:2      | Noticed an angel
  2063 | D:2      | Found a stormy altar of Qazlal.
  2065 | D:2      | Found a sacrificial altar of Ru.
  2074 | D:2      | Reached XP level 4. HP: 25/25 MP: 7/7
  2152 | D:2      | Reached skill level 2 in Ice Magic
  2200 | D:2      | Found a basalt altar of Yredelemnul.
  2227 | D:2      | Found a snail-covered altar of Cheibriados.
  2892 | D:2      | Reached skill level 4 in Hexes
  3279 | D:3      | Reached XP level 5. HP: 30/30 MP: 5/8
  3956 | D:3      | HP: 6/30 [adder (3)]
  4198 | D:3      | Reached skill level 2 in Fighting
  4328 | D:3      | Reached skill level 3 in Ice Magic
  4579 | D:3      | Found a glowing golden altar of the Shining One.
  4665 | D:3      | Reached XP level 6. HP: 36/36 MP: 6/9
  5110 | D:4      | Learned a level 3 spell: Confusing Touch
  5114 | D:4      | Learned a level 3 spell: Tukima's Dance
  5359 | D:4      | Reached skill level 5 in Hexes
  5566 | D:4      | Reached skill level 4 in Ice Magic
  5644 | D:4      | Reached XP level 7. HP: 40/40 MP: 10/10
  5896 | D:4      | Reached skill level 3 in Fighting
  7009 | D:5      | Entered Level 5 of the Dungeon
  7012 | D:5      | Found a sacrificial altar of Ru.
  7191 | D:5      | Reached skill level 5 in Ice Magic
  7343 | D:5      | Found a staircase to the Ecumenical Temple.
  7349 | Temple   | Entered the Ecumenical Temple
  7410 | Temple   | Became a worshipper of Sif Muna the Loreminder
  7442 | D:5      | Reached skill level 2 in Short Blades
  7442 | D:5      | Reached skill level 6 in Hexes
  7442 | D:5      | Reached XP level 8. HP: 38/47 MP: 11/11
  7589 | D:5      | Got a slimy war axe
  8129 | D:5      | Found an ornate altar of the Wu Jian Council.
  8908 | D:5      | Reached skill level 4 in Fighting
  9177 | D:6      | Reached skill level 3 in Short Blades
  9769 | D:6      | Found a sparkling altar of Nemelex Xobeh.
  9830 | D:5      | Reached skill level 6 in Ice Magic
  9841 | D:5      | HP: 10/48 [orc/+0 short sword (3)]
 10174 | D:5      | Reached * piety under Sif Muna
 10477 | D:6      | Found a radiant altar of Vehumet.
 11053 | D:6      | Found an ancient bone altar of Kikubaaqudgha.
 11526 | D:7      | Reached XP level 9. HP: 52/52 MP: 12/12
 11604 | D:7      | Reached skill level 1 in Necromancy
 11868 | D:7      | Reached skill level 1 in Armour
 11868 | D:7      | Reached skill level 2 in Necromancy
 11891 | D:7      | HP: 4/53 [orc warrior/stone (14)]
 12582 | D:7      | Reached skill level 5 in Fighting
 12582 | D:7      | Reached skill level 3 in Necromancy
 13124 | D:8      | Reached skill level 2 in Armour
 13278 | D:8      | Found a hide-covered altar of Uskayaw.
 13628 | D:8      | Found a staircase to the Lair.
 13732 | D:8      | Reached skill level 4 in Necromancy
 13844 | D:8      | Noticed a two-headed ogre
 14143 | D:8      | Slain by a wyvern

Table legend: (Time is in decaauts)
 A = Elapsed time spent in this place.
 B = Non-inter-level travel time spent in this place.
 C = Inter-level travel time spent in this place.
 D = Time resting spent in this place.
 E = Time spent auto-exploring this place.
 F = Levels seen in this place.
 G = Mean time per level.
                   A        B        C        D        E       F      G
               +--------+--------+--------+--------+--------+-----+--------+
         Total |  14090 |  13609 |    481 |   5765 |   5589 |   9 | 1565.6 |
       Dungeon |  14010 |  13547 |    463 |   5765 |   5534 |   8 | 1751.2 |
        Temple |     80 |     62 |     18 |      0 |     55 |   1 |   80.0 |
               +--------+--------+--------+--------+--------+-----+--------+

Top non-repeatable levels by time:
     D:5: 2386 daAuts
     D:6: 2297 daAuts
     D:4: 1884 daAuts
     D:1: 1869 daAuts
     D:3: 1814 daAuts
     D:2: 1646 daAuts
     D:7: 1071 daAuts
     D:8: 1040 daAuts
  Temple: 80 daAuts

Table legend:
 A = Kills in this place as a percentage of kills in entire the game.
 B = Kills by you in this place as a percentage of kills by you in the entire game.
 C = Kills by friends in this place as a percentage of kills by friends in the entire game.
 D = Other kills in this place as a percentage of other kills in the entire game.
 E = Experience gained in this place as a percentage of experience gained in the entire game.
 F = Experience gained in this place divided by the number of levels of this place that you have seen.
                   A       B       C       D       E      F
               +-------+-------+-------+-------+-------+----------------------
         Total | 100.0 | 100.0 | 100.0 |   N/A | 100.0 | 340.9
       Dungeon | 100.0 | 100.0 | 100.0 |   N/A | 100.0 | 383.5
               +-------+-------+-------+-------+-------+----------------------

Action                   |  1- 3 |  4- 6 |  7- 9 || total
-------------------------+-------+-------+-------++-------
Melee: Dagger            |   130 |   156 |   454 ||   740
Throw: Dart              |       |     8 |    24 ||    32
       Boomerang         |       |       |     1 ||     1
 Cast: Ensorcelled Hiber |    15 |    17 |    95 ||   127
       Confusing Touch   |       |       |    17 ||    17
Evoke: Wand              |       |       |     3 ||     3
  Use: Potion            |       |     1 |       ||     1
       Scroll            |       |       |     5 ||     5
 Stab: Sleeping          |    12 |    34 |    60 ||   106
       Confused          |       |       |     8 ||     8
Armor: Robe              |    25 |    15 |    28 ||    68
Dodge: Dodged            |   108 |   107 |   320 ||   535

Vanquished Creatures
  A sky beast (D:7)
  A black bear (D:8)
  An eye of draining (D:8)
  2 orc warriors
  An ogre (D:8)
  A centaur (D:4)
  An elf skeleton (D:5)
  4 bullfrogs
  A wyvern skeleton (D:6)
  4 scorpions
  3 howler monkeys
  A bullfrog zombie (D:5)
  2 quasits
  A bullfrog skeleton (D:7)
  2 jellies
  3 orc priests
  6 orc wizards
  2 iguanas (D:4)
  2 worker ants
  A hound zombie (D:6)
  10 adders
  3 howler monkey skeletons
  2 shadow imps
  2 white imps
  2 oozes (D:1)
  An adder skeleton (D:4)
  An adder zombie (D:5)
  4 worms
  A dart slug (D:3)
  4 leopard geckos
  31 orcs
  4 ball pythons
  8 giant cockroaches
  9 goblins
  5 hobgoblins
  13 jackals
  3 quokkas
  8 bats
  4 frilled lizards
  8 kobolds
  7 rats
  A spectral orc (D:2)
171 creatures vanquished.

Vanquished Creatures (collateral kills)
  A white imp (D:6)
  An orc (D:6)
  A leopard gecko zombie (D:6)
3 creatures vanquished.

Vanquished Creatures (others)
  5 plants (D:8)
5 creatures vanquished.

Grand Total: 179 creatures vanquished You could see a wyvern.

Levels and vault maps discovered:
D:1:      onia_arrival_pyramid, layout_rooms
D:2:      layout_basic, grunt_temple_overflow_order_and_chaos_2,
          old_standard_altar, yredelemnul_forgotten_temple_becter,
          chequers_temple_overflow_statue_of_worship
D:3:      layout_basic, lemuel_crystal_altar, minmay_bisected
D:4:      layout_basic
D:5:      layout_loops_ring, old_standard_altar, minmay_temple_entry_mini_moons,
          nicolae_ossuary_entry_catacombs, basic_altar
D:6:      minmay_cornered_nines, layout_loops_cross, kiku_gazebo_pond_becter,
          general_overflow_altar, vehumet_crystals
D:7:      layout_rooms
D:8:      layout_rooms, okawaru_altar_gauntlet_db, lair_entry_dummy,
          basic_altar, kennysheep_decorative_pillar,
          hangedman_abyss_or_decor_clamps, serial_bayou_lake_a, uniq_gastronok
Temple:   compressed_dpeg_triangle_lava_temple
